 Dungeon Crawl Stone Soup version 0.31.0 (webtiles) character file.

Game seed: 13116391657943078597

97 qw the Shooter (level 4, 0/28 HPs)
             Began as a Gargoyle Hunter on Jan 20, 2024.
             Incinerated by a bombardier beetle (4 damage)
             ... with a burning spray
             ... on level 3 of the Dungeon.
             The game lasted 00:00:09 (2006 turns).

qw the Shooter (Gargoyle Hunter)                    Turns: 2006, Time: 00:00:09

Health: 0/28       AC:  9    Str: 14    XL:     4   Next: 68%
Magic:  4/4        EV: 11    Int: 10    God:
Gold:   188        SH:  0    Dex: 13    Spells: 3/3 levels left

rFire   . . .        a - +0 shortbow
rCold   . . .        (shield currently unavailable)
rNeg    + . .        c - +0 leather armour
rPois   inf          (no helmet)
rElec   +            b - +1 cloak
rCorr   .            f - +0 pair of gloves
SInv    +            (no boots)
Will    .....        (no amulet)
Stlth   +            e - ring of see invisible
HPRegen 0.24/turn    (no ring)
MPRegen 0.09/turn

%: no passive effects
@: on fire, about to teleport, glowing
A: sickness immunity, AC +3, negative energy resistance 1, electricity
resistance, torment resistance 1, petrification resistance, clumsy 1
a: no special abilities


You were on level 3 of the Dungeon.
You visited 1 branch of the dungeon, and saw 3 of its levels.

You collected 188 gold pieces.


Innate Abilities, Weirdness & Mutations

You are immune to sickness and miasma.
Your stone body is resilient. (AC +3)
You are immune to poison.
You resist negative energy. (rN+)
You are resistant to electric shocks. (rElec)
You are resistant to unholy torment.
You are immune to petrification.
You are clumsy. (Dex -2)


   Skills:
 - Level 3.0 Fighting
 + Level 5.4 Ranged Weapons
 - Level 1.0 Armour
 - Level 1.5 Dodging
 - Level 1.1 Stealth


You had 3 spell levels left.
You didn't know any spells.
Your spell library was empty.

Inventory:

Hand Weapons
 a - a +0 shortbow (weapon)
Armour
 b - a +1 cloak (worn)
 c - a +0 leather armour (worn)
 f - a +0 pair of gloves (worn)
 g - a +0 ring mail
Jewellery
 e - a ring of see invisible (left hand)
Scrolls
 k - 3 scrolls of identify
 l - a scroll of enchant weapon {unknown}
Potions
 d - a potion of resistance
 h - 2 potions of curing
 i - a potion of mutation
 j - a potion of haste

Dungeon Overview and Level Annotations

Branches:
Dungeon (3/15)

Altars:
Wu Jian


Message History

1987 ||| FLEEEEING.
1988 ||| FLEEEEING.
1989 ||| FLEEEEING.
1990 ||| FLEEEEING.
1991 ||| FLEEEEING.
1992 ||| FLEEEEING.
You shoot an arrow. The arrow barely misses the goblin.
The goblin closely misses you.
You shoot an arrow. The arrow hits the goblin!
You kill the goblin!
1996 ||| FLEEEEING.
1998 ||| FLEEEEING.
You shoot an arrow. The arrow hits the bombardier beetle.
The bombardier beetle is severely wounded.
The bombardier beetle sprays incendiary fluid at you.
The burning spray hits you.
You are covered in liquid fire!
You shoot an arrow.
The arrow barely misses the bombardier beetle.
The liquid fire burns you!
You shoot an arrow.
The arrow hits the bombardier beetle but does no damage.
The bombardier beetle is severely wounded.
The liquid fire burns you!
You shoot an arrow.
The arrow hits the bombardier beetle but does no damage.
The bombardier beetle is severely wounded.
The liquid fire burns you!
You shoot an arrow.
The arrow hits the bombardier beetle but does no damage.
The bombardier beetle is severely wounded.
The liquid fire burns you!
You shoot an arrow. The arrow hits the bombardier beetle.
The bombardier beetle is almost dead.
The liquid fire burns you!
2006 ||| READING scroll of teleportation.
As you read the scroll of teleportation, it crumbles to dust.
You feel strangely unstable. The liquid fire burns you!
You die...

....%...............###.####
...............####.....#
...............# ###..##
#.............## #...#
.#.....#.....## ##..####
..##.######### #......####
#.##.## #.####....## #.##.)##
#####.######...#
#.###..########.@...><.......#
#.##............#B...#####...#
#.#..........####....#
#....... .............# #....#
####++## ..##.........# #.>..#
~ #..#.........# #....# ~7 7
##.#.....>...#
#....#####~77..7
##.#.........#
#....##..'...$).
.#.###########
####.##..'.B..).


You could see a bombardier beetle.

Vanquished Creatures
  3 adders
  2 dart slugs
  A ribbon worm (D:2)
  3 orcs (D:3)
  6 endoplasms
  2 giant cockroaches
  5 goblins
  4 hobgoblins
  10 jackals (D:1)
  3 kobolds
  2 quokkas
  4 ball pythons
  4 bats
  5 rats
54 creatures vanquished.

Notes
Turn   | Place    | Note
-------+----------+-------------------------------------------
     0 | D:1      | qw the Gargoyle Hunter began the quest for the Orb.
     0 | D:1      | Reached XP level 1. HP: 12/12 MP: 1/1
     0 | D:1      | 0 ||| qw: Version: 0.3-a-132-g3d54051
     0 | D:1      | 0 ||| qw: Game counter: 445
     0 | D:1      | 0 ||| qw: Melee chars always use a shield: true
     0 | D:1      | 0 ||| qw: God list: Okawaru
     0 | D:1      | 0 ||| qw: Allow faded altars: false
     0 | D:1      | 0 ||| qw: Do Orc after clearing Dungeon:15 true
     0 | D:1      | 0 ||| qw: Do second Lair branch before Depths: true
     0 | D:1      | 0 ||| qw: Lair rune preference: random
     0 | D:1      | 0 ||| qw: Goals: Normal
     0 | D:1      | 0 ||| PLANNING D:1-11
   224 | D:1      | Reached XP level 2. HP: 17/17 MP: 2/2
   321 | D:1      | HP: 4/17 [hobgoblin (1)]
   562 | D:1      | Reached XP level 3. HP: 21/21 MP: 3/3
   737 | D:1      | Reached skill level 5 in Ranged Weapons
   937 | D:1      | 937 ||| UPGRADING to +0 pair of gloves.
   942 | D:1      | 942 ||| READING scroll labelled RODGHI MI LOALU.
   943 | D:1      | 943 ||| READING scroll labelled ZUPSAOJ JITZEF.
   946 | D:1      | 946 ||| READING scroll labelled UTULITAH XOUF.
   946 | D:1      | 946 ||| IDENTIFYING brown potion
   947 | D:1      | 947 ||| DRINKING 2 lumpy blue potions.
   947 | D:1      | Gained mutation: You are clumsy. (Dex -2) [potion of
                  | mutation]
   948 | D:1      | 948 ||| DROPPING scroll of butterflies.
  1005 | D:2      | Reached skill level 3 in Fighting
  1198 | D:2      | Reached XP level 4. HP: 14/28 MP: 4/4
  1198 | D:2      | 1198 ||| FLEEEEING.
  1286 | D:2      | Identified the +4 mace "Errea" {freeze, Int+3 SInv}
  1289 | D:2      | Found an ornate altar of the Wu Jian Council.
  1335 | D:2      | Found a faded altar of an unknown god.
  1336 | D:2      | 1336 ||| UPGRADING to +1 cloak.
  1355 | D:2      | Reached skill level 1 in Armour
  1632 | D:2      | 1632 ||| READING 3 scrolls of identify.
  1632 | D:2      | 1632 ||| IDENTIFYING viscous ruby potion
  1633 | D:2      | 1633 ||| READING 2 scrolls of identify.
  1633 | D:2      | 1633 ||| IDENTIFYING fuming red potion
  1634 | D:2      | 1634 ||| READING scroll of identify.
  1634 | D:2      | 1634 ||| IDENTIFYING scroll labelled SEZIRA WISEDUAD
  1635 | D:2      | 1635 ||| READING 2 scrolls labelled DUN IRYOLOM.
  1636 | D:2      | 1636 ||| READING scroll labelled YBISCH CUOMOT.
  1637 | D:2      | 1637 ||| DROPPING scroll of blinking.
  1638 | D:2      | 1638 ||| DROPPING scroll of amnesia.
  1764 | D:3      | 1764 ||| FLEEEEING.
  1767 | D:3      | 1767 ||| STAIRDANCE
  1787 | D:2      | 1787 ||| UPGRADING to ring of see invisible.
  1979 | D:3      | 1979 ||| FLEEEEING.
  1980 | D:3      | 1980 ||| FLEEEEING.
  1981 | D:3      | 1981 ||| FLEEEEING.
  1982 | D:3      | 1982 ||| FLEEEEING.
  1983 | D:3      | 1983 ||| FLEEEEING.
  1985 | D:3      | 1985 ||| FLEEEEING.
  1986 | D:3      | 1986 ||| FLEEEEING.
  1987 | D:3      | 1987 ||| FLEEEEING.
  1988 | D:3      | 1988 ||| FLEEEEING.
  1989 | D:3      | 1989 ||| FLEEEEING.
  1990 | D:3      | 1990 ||| FLEEEEING.
  1991 | D:3      | 1991 ||| FLEEEEING.
  1992 | D:3      | 1992 ||| FLEEEEING.
  1996 | D:3      | 1996 ||| FLEEEEING.
  1998 | D:3      | 1998 ||| FLEEEEING.
  2005 | D:3      | HP: 4/28 [burnt (5)]
  2006 | D:3      | 2006 ||| READING scroll of teleportation.
  2006 | D:3      | Incinerated by a bombardier beetle

Levels and vault maps discovered:
D:1:      roderic_lyre, layout_basic
D:2:      layout_basic, basic_altar, shapermc_ecumenical_altar_notcrosses,
          hex_intersection
D:3:      layout_rooms, kennysheep_generic_room_5

Skill      XL: |  1  2  3  4 |
---------------+-------------+-----
Ranged Weapons | 5 |  5.4
Fighting       | 3 |  3.0
Armour         | 1 |  1.0
Dodging        | |  1.5
Stealth        | |  1.1

Action                     |  1- 3 |  4- 6 || total
---------------------------+-------+-------++-------
   Fire: Shortbow          |   112 |    66 ||   178
    Use: Scroll            |     3 |     6 ||     9
         Potion            |     1 |       ||     1
 Armour: Leather armour    |    43 |    18 ||    61
  Dodge: Dodged            |    34 |    21 ||    55

Table legend:
 A = Non-vault XP
 B = Vault XP
 C = Vault XP percentage of total XP
 D = Non-vault monster count
 E = Vault monster count
 F = Vault count percentage of total count
                 A         B        C        D         E       F
            +---------+---------+-------+---------+---------+-------
      Total |     137 |       2 |   1.4 |      53 |       1 |   1.9
            +---------+---------+-------+---------+---------+-------
        D:1 |      53 |       0 |   0.0 |      28 |       0 |   0.0
        D:2 |      52 |       0 |   0.0 |      15 |       0 |   0.0
        D:3 |      32 |       2 |   5.9 |      10 |       1 |   9.1
            +---------+---------+-------+---------+---------+-------
